Map: Orbital Shipyard

Players

LilDicky

  • Race: Terran Terran
  • League: Diamond

Asbek - Winner!

  • Race: Terran Terran
  • League: Diamond

VOD

http://www.twitch.tv/tumescentpie

Description

Time

  • Played on: Nov. 30, 2015, 8:23 a.m.
  • Length: 3:12
Show
View Real Time Build Order
Export as new Build Order

LilDicky Terran 

Build Orders: Reaper Expand 

Get SALT Encoding   

  12  0:01  SCV  
  13  0:14  SCV  
  14  0:22  Supply Depot  
  14  0:26  SCV  
  15  0:36  Refinery  
  15  0:43  SCV  
  15  0:45  Barracks  
  16  0:55  SCV  
  17  1:07  SCV  
  18  1:19  SCV  
  19  1:32  Orbital Command  
  19  1:33  Reaper  
  20  1:49  Command Center  
  20  2:01  SCV  
  20  2:08  Refinery  
  21  2:28  Bunker  
  21  2:31  Supply Depot  
  21  2:44  Marine  
  22  2:45  SCV  
Show
View Real Time Build Order
Export as new Build Order

Asbek Terran - Winner!

Build Orders:  

Get SALT Encoding   

  12  0:02  SCV  
  13  0:20  Supply Depot  
  13  0:21  SCV  
  14  0:33  SCV  
  15  0:46  SCV  
  15  0:49  Barracks  
  16  0:59  Barracks  
  16  1:02  SCV  
  17  1:17  SCV  
  18  1:26  Barracks  
  18  1:29  Supply Depot, SCV  
  19  1:38  Marine  
  20  1:45  Marine  
  21  1:52  Barracks  
  21  1:55  SCV  
  21  1:57  Marine  
  23  2:05  Marine  
  24  2:14  Marine  
  25  2:19  Barracks  
  25  2:21  Marine  
  26  2:25  Marine  
  26  2:26  Supply Depot  
  27  2:32  Marine  
  27  2:39  Marine  
  27  2:42  Marine  
  27  2:43  Marine  
  30  2:45  Supply Depot  
  30  2:50  Marine  
Tags
 
Add a new tag
Caveats
  • Supply blocks, unpowered buildings, or Contaminate may cause inaccurate times.
  • Supply counts are checked every 10 seconds.